 Dungeon Crawl Stone Soup version 0.19-a0-1937-g70ed36a (webtiles) character file.

7769 JeffiDaFish the Cleaver (level 11, -8/97 HPs)
             Began as a Hill Orc Fighter on Oct 26, 2016.
             Was an Elder of Beogh.
             Mangled by a skeletal warrior
             ... wielding a +2 hand axe of flaming
             ... led by a skeletal warrior
              (10 damage)
             ... on level 11 of the Dungeon on Oct 27, 2016.
             The game lasted 00:27:05 (10882 turns).

JeffiDaFish the Cleaver (Hill Orc Fighter)         Turns: 10882, Time: 00:27:06

Health: -8/97      AC: 13    Str: 23    XL:     11   Next: 20%
Magic:  11/11      EV:  6    Int:  8    God:    Beogh [****..]
Gold:   578        SH: 11    Dex: 10    Spells: 0 memorised, 10 levels left

rFire  . . .     SeeInvis .     z - +0 broad axe
rCold  . . .     Gourm    .     m - +0 plate armour
rNeg   . . .     Faith    .     c - +0 shield
rPois  .         Spirit   .     (no helmet)
rElec  .         Reflect  .     (no cloak)
rCorr  .         Harm     .     (no gloves)
MR     .....                    (no boots)
Stlth  ..........               (no amulet)
                                s - +2 ring of slaying
                                h - ring of wizardry

@: no status effects
A: no striking features
a: Smiting, Recall Orcish Followers, Renounce Religion


You were on level 11 of the Dungeon.
You worshipped Beogh.
Beogh was greatly pleased with you.
You were not hungry.

You visited 1 branch of the dungeon, and saw 11 of its levels.

You collected 578 gold pieces.

Inventory:

Hand Weapons
 a - a +1 war axe
 z - a +0 broad axe (weapon)
Armour
 c - a +0 shield (worn)
 m - a +0 plate armour (worn)
Jewellery
 b - an uncursed ring of ice
 h - a ring of wizardry (left hand)
 s - a +2 ring of slaying (right hand)
 y - an uncursed ring of ice
 C - an uncursed ring of protection from magic
Wands
 d - a wand of acid (2/15)
 j - a wand of polymorph (16/24)
 t - a wand of random effects (20/48)
 A - a wand of paralysis (11/24)
 B - a wand of acid (8/15)
 E - a wand of lightning (11/15)
Scrolls
 e - 3 scrolls of blinking
 k - 9 scrolls of identify
 l - 6 scrolls of remove curse
 o - 3 scrolls of amnesia
 u - 2 scrolls of summoning
Potions
 n - a potion of haste
 p - 8 potions of curing
 q - a potion of cure mutation
 w - 3 potions of heal wounds
Comestibles
 f - 6 bread rations
 g - a slice of pizza
 i - 4 fruits
 r - 4 meat rations
 v - 7 beef jerkies
 x - a royal jelly


   Skills:
 + Level 9.3 Fighting
 + Level 13.8 Axes
 + Level 8.5 Armour
 + Level 1.4 Dodging
 + Level 0.5 Stealth
 + Level 9.3 Shields


You had 10 spell levels left.
You didn't know any spells.

Dungeon Overview and Level Annotations

Branches:
Dungeon (11/15)            Temple (0/1) D:5            Lair (0/6) D:8
    Orc (0/2) D:9

Altars:
Ashenzari
Cheibriados
Dithmenos
Okawaru
Qazlal
Ru
Trog
Xom
Beogh


Message History

You slash the skeletal warrior!
The skeletal warrior is heavily damaged.
The skeletal warrior hits you with a hand axe of flaming.
The skeletal warrior burns you.
You barely miss the skeletal warrior.
The skeletal warrior is heavily damaged.
The skeletal warrior hits you with a hand axe of flaming!
* * * LOW HITPOINT WARNING * * *
The skeletal warrior burns you.
* * * LOW HITPOINT WARNING * * *
You completely miss the skeletal warrior.
The skeletal warrior is heavily damaged.
The skeletal warrior hits you with a hand axe of flaming!
* * * LOW HITPOINT WARNING * * *
The skeletal warrior burns you.
* * * LOW HITPOINT WARNING * * *
You barely miss the skeletal warrior.
The skeletal warrior is heavily damaged.
The skeletal warrior hits you with a hand axe of flaming!
You die...

... # .... #.
#######.... #..
#.....[..).
###...######o...(....#
.....|z@oooooo.......#
..###########o.......#
#..#####. #..o...#.#
##.#...#.# #.#...#.#
#o#...#.# #o#o..#.###
#o#...#....


You could see a skeletal warrior, 3 friendly orc warriors and 5 friendly orcs.

Vanquished Creatures
  2 skeletal warriors (D:11)
  2 hill giants
  Pikel (D:7)
  Grinder (D:3)
  2 humans (D:8)
  A hungry ghost (D:8)
  A slave (D:7)
  4 ice beasts
  2 sky beasts
  3 orc warriors
  A necrophage (D:7)
  4 centaurs
  4 ogres
  A crocodile (D:4)
  6 bullfrogs
  A water moccasin skeleton (D:5)
  5 killer bees (D:11)
  4 wights (D:7)
  A howler monkey (D:4)
  7 crimson imps
  A centaur zombie (D:6)
  4 orc priests
  9 hounds
  A gnoll shaman (D:5)
  4 jellies
  A bullfrog skeleton (D:3)
  2 centaur skeletons
  7 orc wizards
  3 iguanas
  9 worker ants
  A worker ant zombie (D:11)
  11 gnolls
  14 adders
  3 shadow imps
  3 oozes (D:2)
  An adder zombie (D:7)
  An adder skeleton (D:6)
  2 worms
  3 dart slugs
  5 leopard geckos
  23 orcs
  5 ball pythons
  9 giant cockroaches
  12 goblins
  6 hobgoblins
  19 jackals
  4 quokkas
  6 bats
  5 frilled lizards
  12 kobolds
  A leopard gecko skeleton (D:4)
  2 quokka skeletons
  15 rats
257 creatures vanquished.

Vanquished Creatures (collateral kills)
  An orc knight (D:11)
  An orc warrior (D:11)
  An ogre (D:9)
  A bullfrog (D:11)
  A gnoll sergeant (D:6)
  An orc priest (D:11)
  An orc wizard (D:10)
  An iguana (D:6)
  A shadow imp (D:9)
  12 orcs
  A goblin (D:9)
22 creatures vanquished.

Vanquished Creatures (others)
  An orc priest (D:9)
  An adder (D:4)
  13 orcs
15 creatures vanquished.

Grand Total: 294 creatures vanquished

Notes
Turn   | Place    | Note
-------+----------+-------------------------------------------
     0 | D:1      | JeffiDaFish the Hill Orc Fighter began the quest for the Orb.
     0 | D:1      | Reached XP level 1. HP: 19/19 MP: 1/1
    52 | D:1      | Reached skill level 3 in Axes
   183 | D:1      | Reached XP level 2. HP: 26/26 MP: 2/2
   693 | D:1      | Reached XP level 3. HP: 30/33 MP: 3/3
  1517 | D:2      | Reached skill level 4 in Axes
  1521 | D:2      | Reached XP level 4. HP: 12/40 MP: 4/4
  2840 | D:2      | Reached XP level 5. HP: 36/46 MP: 5/5
  3167 | D:3      | Found a shattered altar of Ashenzari.
  3236 | D:3      | Noticed Grinder
  3257 | D:3      | HP: 2/46 [Grinder (2)]
  3260 | D:3      | Killed Grinder
  3260 | D:3      | Reached skill level 5 in Axes
  3260 | D:3      | Reached skill level 1 in Dodging
  3260 | D:3      | Reached XP level 6. HP: 3/53 MP: 6/6
  3728 | D:3      | Reached skill level 5 in Fighting
  3728 | D:3      | Reached XP level 7. HP: 60/61 MP: 7/7
  3755 | D:3      | Reached skill level 5 in Armour
  4310 | D:3      | Found a sacrificial altar of Ru.
  4394 | D:4      | Reached skill level 6 in Axes
  4478 | D:4      | Reached skill level 5 in Shields
  4524 | D:4      | Became a worshipper of Beogh the Brigand
  4581 | D:4      | Reached skill level 7 in Axes
  4982 | D:4      | Reached XP level 8. HP: 70/70 MP: 8/8
  4986 | D:5      | Entered Level 5 of the Dungeon
  5142 | D:5      | Found a snail-covered altar of Cheibriados.
  5351 | D:5      | Found a shimmering altar of Xom.
  5363 | D:5      | Reached skill level 8 in Axes
  5391 | D:5      | Found a staircase to the Ecumenical Temple.
  5581 | D:5      | Reached * piety under Beogh
  5822 | D:5      | Reached skill level 9 in Axes
  6385 | D:6      | Reached XP level 9. HP: 68/78 MP: 9/9
  6705 | D:6      | Reached skill level 10 in Axes
  6912 | D:7      | Reached ** piety under Beogh
  7356 | D:7      | Reached skill level 11 in Axes
  7525 | D:7      | Noticed a hill giant
  7545 | D:7      | Killed a hill giant
  7545 | D:7      | Reached XP level 10. HP: 45/88 MP: 10/10
  7775 | D:7      | Noticed Pikel
  7793 | D:7      | Killed Pikel
  7793 | D:7      | Reached skill level 12 in Axes
  7979 | D:8      | Found a bloodstained altar of Trog.
  7981 | D:8      | Found a shadowy altar of Dithmenos.
  8176 | D:8      | Found an iron altar of Okawaru.
  8613 | D:8      | Found a staircase to the Lair.
  8716 | D:8      | Reached *** piety under Beogh
  8740 | D:8      | Found a stormy altar of Qazlal.
  9011 | D:9      | Found a staircase to the Orcish Mines.
  9422 | D:9      | You fall through a shaft!
  9422 | D:10     | Entered Level 10 of the Dungeon
  9549 | D:10     | Reached skill level 13 in Axes
  9635 | D:10     | Found a roughly hewn altar of Beogh.
 10155 | D:11     | Reached **** piety under Beogh
 10546 | D:11     | Noticed a hill giant
 10547 | D:11     | Noticed an orc knight
 10552 | D:11     | Killed a hill giant
 10558 | D:11     | Killed an orc knight
 10558 | D:11     | Reached XP level 11. HP: 29/97 MP: 11/11
 10838 | D:11     | Noticed a skeletal warrior
 10839 | D:11     | Noticed a skeletal warrior
 10840 | D:11     | Noticed a skeletal warrior
 10857 | D:11     | Killed a skeletal warrior
 10870 | D:11     | Killed a skeletal warrior
 10881 | D:11     | HP: 4/97 [skeletal warrior/hand axe of flaming[a skeletal warrior] (10)]
 10882 | D:11     | Mangled by a skeletal warrior

Vault maps used:
D:1:      scummos_arrival_checkerplants
D:2:      first_bread, kennysheep_generic_room_8
D:3:      cheibrodos_ashenzari_chains, gup_sewer_entry_glass,
          nicolae_ru_path_of_blood, uniq_grinder
D:4:      minmay_tree_intersection
D:5:      nicolae_overflow_hidden_temple, led_xom_imps
D:7:      kennysheep_small_circle, uniq_pikel
D:8:      okawaru_humans, chequers_temple_overflow_statue_of_worship,
          lair_0_dummy, grunt_ogre_cave, nicolae_qazlal_eye_of_the_storm
D:9:      grunt_temple_overflow_open, erik_orc_3
D:10:     special_room
D:11:     minmay_guarded_unrand_finisher

Skill      XL: |  1  2  3  4  5  6  7  8  9 10 |
---------------+-------------------------------+-----
Axes           | 3 4 5 7 9 11 13 | 13.8
Fighting       | 4 5 6 7 9 |  9.3
Shields        | 4 5 7 8 9 |  9.3
Armour         | 4 5 6 8 |  8.5
Dodging        | 1 |  1.4
Stealth        | |  0.5

Action                   |  1- 3 |  4- 6 |  7- 9 | 10-12 || total
-------------------------+-------+-------+-------+-------++-------
Melee: War axe           |   170 |   227 |   444 |   183 ||  1024
       Broad axe         |       |       |       |   107 ||   107
Invok: Convert to Beogh  |       |       |     1 |       ||     1
  Use: Scroll            |     4 |     5 |     2 |     3 ||    14
       Potion            |     3 |     3 |     4 |     2 ||    12
  Eat: Chunk             |     2 |     8 |     9 |     6 ||    25
       Bread ration      |       |       |     1 |     2 ||     3
       Fruit             |       |       |       |     3 ||     3
Armor: Scale mail        |    82 |    90 |       |       ||   172
       Plate armour      |       |    22 |   236 |    76 ||   334
Dodge: Dodged            |    64 |    60 |    71 |    48 ||   243
Block: Shield            |   107 |   116 |   257 |   139 ||   619
